 Dungeon Crawl Stone Soup version 0.30.1-3-gfc49f6343a (webtiles) character file.

Game seed: 10021975003320743241

424 cdecastro the Cudgeller (level 6, -6/51 HPs)
             Began as an Armataur Warper on Aug 10, 2023.
             Was a Believer of Dithmenos.
             Mangled by a black bear (7 damage)
             ... on level 4 of the Dungeon.
             The game lasted 00:07:30 (4599 turns).

cdecastro the Cudgeller (Armataur Warper)           Turns: 4599, Time: 00:07:30

Health: -6/51      AC:  6    Str: 18    XL:     6   Next: 64%
Magic:  8/8        EV:  7    Int: 14    God:    Dithmenos [**....]
Gold:   193        SH:  0    Dex:  9    Spells: 8/8 levels left

rFire   . . .        a - +0 mace
rCold   + . .        (no shield)
rNeg    . . .        k - +0 scale mail
rPois   .            (no helmet)
rElec   .            (no cloak)
rCorr   .            (no gloves)
SInv    .            (no barding)
Will    .....        (no amulet) Stlth
                     g - ring of protection from cold
HPRegen 0.28/turn    (no ring)
MPRegen 0.11/turn

%: roll
@: wreathed by umbra
A: large, rugged brown scales 3, deformed body, armoured tail, roll, long
tongue, awkward tongue
a: Renounce Religion, Shadow Step


You were on level 4 of the Dungeon.
You worshipped Dithmenos.
Dithmenos was pleased with you.
You visited 1 branch of the dungeon, and saw 4 of its levels.

You collected 193 gold pieces.

Inventory:

Hand Weapons
 a - a +0 mace (weapon)
 y - a +0 flail
Missiles
 d - 7 boomerangs of dispersal
 p - 2 throwing nets
 t - 7 poisoned darts (quivered)
Armour
 b - a +0 leather armour
 k - a +0 scale mail (worn)
Jewellery
 g - a ring of protection from cold (left hand)
 r - an amulet of guardian spirit
 u - a ring of positive energy
 z - an amulet of regeneration
Wands
 e - a wand of roots (6)
Scrolls
 c - 3 scrolls of blinking
 f - a scroll of amnesia {unknown}
 n - 2 scrolls of poison
 o - a scroll of vulnerability
 q - a scroll of identify
 s - a scroll of brand weapon {unknown}
 w - 2 scrolls of teleportation
 x - a scroll of immolation
Potions
 h - 3 potions of lignification
 j - a potion of cancellation
 l - a potion of ambrosia
 m - a potion of mutation
 v - a potion of flight {unknown}


   Skills:
 - Level 1.7 Fighting
 + Level 6.6 Maces & Flails
 - Level 0.8 Throwing
 - Level 1.2 Armour
 - Level 1.3 Dodging
 - Level 1.7 Spellcasting
 - Level 3.0 Translocations


You had 8 spell levels left.
You didn't know any spells.
Your spell library contained the following spells:

 Spells                   Type           Power      Damage    Failure   Level
 Blink                    Tloc           18%        N/A       34%         2
 Lesser Beckoning         Tloc           18%        N/A       34%         2
 Momentum Strike          Conj/Tloc      10%        3d8       54%         2
 Teleport Other           Tloc           9%         N/A       56%         3
 Vhi's Electric Charge    Tloc/Air       10%        N/A       78%         3
 Manifold Assault         Tloc           9%         N/A       93%         4
 Summon Guardian Golem    Hex/Summ       1%         N/A       94%         3
 Orb of Destruction       Conj           0%         9d5       100%        7
 Spellforged Servitor     Conj/Summ      0%         N/A       100%        7


Dungeon Overview and Level Annotations

Branches:
Dungeon (4/15)
 Temple: D:4-7

Altars:
Dithmenos


Innate Abilities, Weirdness & Mutations

You are completely covered in rugged brown scales. (AC +3, +7% HP)
Armour fits poorly on your strangely shaped body.
You have a long armoured tail.
You roll when moving toward enemies. (Rampage)
Your long tongue fully drains potion bottles. (2x potion effects)
Your tongue gives you trouble enunciating. (1.5x scroll delay)


Message History

You closely miss the black bear.
The black bear is severely wounded.
The black bear bites you!
* * * LOW HITPOINT WARNING * * *
The black bear closely misses you. The black bear claws you.
* * * LOW HITPOINT WARNING * * *
The black bear bites you!
* * * LOW HITPOINT WARNING * * *
The black bear claws you.
* * * LOW HITPOINT WARNING * * *
The black bear completely misses you.
Aiming: Charm
Press: ? - help, Shift-Dir - straight line, f/p - black bear
Aim: a black bear (severely wounded, berserk, umbra, chance to affect: 49%)
The black bear resists with some effort.
The black bear bites you.
* * * LOW HITPOINT WARNING * * *
The black bear closely misses you. The black bear barely misses you.
Aiming: Charm
Press: ? - help, Shift-Dir - straight line, f/p - black bear
Aim: a black bear (severely wounded, berserk, umbra, chance to affect: 49%)
The black bear resists with some effort.
The now-empty wand crumbles to dust.
The black bear barely misses you.
The black bear claws you but does no damage. x2
The black bear bites you.
* * * LOW HITPOINT WARNING * * *
The black bear claws you but does no damage.
The black bear barely misses you.
Aiming: Fastroot
Press: ? - help, Shift-Dir - straight line, f/p - black bear
Aim: a black bear (severely wounded, berserk, umbra)
Okay, then.
Unknown command.
Aiming: Fastroot
Press: ? - help, Shift-Dir - straight line, p - black bear The roots erupt in riotous growth!
Roots grab the black bear.
The grasping roots constrict the black bear.
The black bear bites you!
You die...

#..#..#.##.# #....g....#
## ###.##.##.# #.
#########....##.# #.
###.......#.#..##.# #.
..........#...###.#####.
#.....)..#..####.##....
#.................†..>.
#...[.@h..#)####.##†...
#.........#.# #[######
...!.......#.# #.#
.#########.#.# #.# #.#.#
#.# #.#.####.######
#..............
#....#####.####.
#.######.#.####.


You could see a black bear (berserk, rooted).

Vanquished Creatures
  A scorpion (D:4)
  A howler monkey (D:3)
  An orc priest (D:4)
  2 jellies (D:4)
  2 orc wizards
  Ijyb (D:4)
  5 adders
  3 worms
  2 dart slugs
  6 orcs
  5 ball pythons
  6 bats
  13 endoplasms
  3 giant cockroaches
  6 goblins
  8 hobgoblins
  7 jackals
  6 kobolds
  3 quokkas
  5 frilled lizards
  7 rats (D:1)
93 creatures vanquished.

Vanquished Creatures (collateral kills)
  A dart slug (D:4)
1 creature vanquished.

Vanquished Creatures (others)
  A hound (D:4)
1 creature vanquished.

Grand Total: 95 creatures vanquished

Notes
Turn   | Place    | Note
-------+----------+-------------------------------------------
     0 | D:1      | cdecastro the Armataur Warper began the quest for the Orb.
     0 | D:1      | Reached XP level 1. HP: 18/18 MP: 3/3
    40 | D:1      | Reached skill level 2 in Maces & Flails
   121 | D:1      | Reached XP level 2. HP: 25/25 MP: 4/4
   288 | D:1      | Reached skill level 3 in Maces & Flails
   644 | D:1      | Reached XP level 3. HP: 30/31 MP: 5/5
  1861 | D:3      | Reached skill level 4 in Maces & Flails
  1861 | D:3      | Reached XP level 4. HP: 28/38 MP: 6/6
  2182 | D:3      | Found a faded altar of an unknown god.
  2213 | D:3      | Prayed at the altar of an unknown god.
  2213 | D:3      | Became a worshipper of Dithmenos the Shadowed
  2213 | D:3      | Reached * piety under Dithmenos
  2674 | D:3      | Reached XP level 5. HP: 29/43 MP: 7/7
  3311 | D:4      | Reached skill level 5 in Maces & Flails
  3527 | D:4      | Noticed an ogre
  3795 | D:4      | Reached XP level 6. HP: 47/51 MP: 8/8
  4108 | D:4      | Reached skill level 6 in Maces & Flails
  4339 | D:4      | Noticed Ijyb
  4367 | D:4      | Reached ** piety under Dithmenos
  4518 | D:4      | Killed Ijyb
  4597 | D:4      | HP: 2/51 [black bear (3)]
  4599 | D:4      | Mangled by a black bear

Illustrated notes

Levels and vault maps discovered:
D:1:      saegor_arrival_simple_b, layout_basic, minivault_26,
          palyth_stone_intersect, minmay_misc_feat_diagonals,
          chequers_serial_rivers_micro_b
D:2:      layout_basic
D:3:      layout_basic, shapermc_ecumenical_altar_mp_ritualfount,
          kennysheep_cross_bottleneck, st_stairs_5
D:4:      layout_loops_cross, hangedman_feature_mirror, item_on_display_a,
          uniq_ijyb

Skill      XL: |  1  2  3  4  5  6 |
---------------+-------------------+-----
Maces & Flails | 2 3 4 5 6 |  6.6
Fighting       | |  1.7
Throwing       | |  0.8
Armour         | |  1.2
Dodging        | |  1.3
Spellcasting   | |  1.7
Translocations | |  3.0

Action                     |  1- 3 |  4- 6 || total
---------------------------+-------+-------++-------
  Melee: Mace              |   135 |   189 ||   324
         Tailslap          |    12 |    17 ||    29
         Punch             |     1 |       ||     1
  Evoke: Wand              |       |     6 ||     6
    Use: Scroll            |       |    10 ||    10
 Armour: Leather armour    |    39 |       ||    39
         Scale mail        |    21 |    88 ||   109
  Dodge: Dodged            |    56 |    92 ||   148
